 Dungeon Crawl Stone Soup version 0.20.0-8-g6b59dc7 (webtiles) character file.

11 MTVSty1e the Ruffian (level 2, -4/23 HPs)
             Began as a Draconian Transmuter on May 30, 2017.
             Killed from afar by Sigmund (5 damage)
             ... with a magic dart
             ... on level 2 of the Dungeon.
             The game lasted 00:01:49 (272 turns).

MTVSty1e the Ruffian (Draconian Transmuter)          Turns: 272, Time: 00:01:50

Health: -4/23      AC:  5    Str: 12    XL:     2   Next: 13%
Magic:  5/5        EV: 12    Int: 13    God:
Gold:   36         SH:  0    Dex: 11    Spells: 4/5 levels left

rFire    . . .     SeeInvis .     - Unarmed
rCold    . . .     Gourm    .   (no shield)
rNeg     . . .     Faith    .   (armour unavailable)
rPois    .         Spirit   .   (helmet restricted)
rElec    .         Reflect  .   (no cloak)
rCorr    .         Harm     .   g - +0 pair of gloves
MR       .....                  (boots currently unavailable)
Stlth    +.........             (no amulet)
Regen    0.1/turn               (no ring)
MPRegen  0.1/turn               (no ring)

@: confused, appendage (expiring)
A: unfitting armour, talons 3, cold-blooded, AC +4
a: End Transformation


You were on level 2 of the Dungeon.
You were not hungry.
You had grown temporary talons.
You visited 1 branch of the dungeon, and saw 2 of its levels.

You collected 36 gold pieces.

Inventory:

Missiles
 a - 12 arrows
Armour
 g - a +0 pair of gloves (worn)
Scrolls
 d - a scroll of teleportation {unknown}
 e - a scroll of identify {unknown}
 f - a scroll of remove curse {unknown}
 j - a scroll of enchant weapon {unknown}
Potions
 i - a potion of might {unknown}
 k - a potion of resistance {unknown}
Books
 b - a book of Changes

   Spells                             Type                      Level
   a - Beastly Appendage              Transmutation                1
   b - Sticks to Snakes               Transmutation                2
   c - Spider Form                    Transmutation/Poison         3
   d - Ice Form                       Ice/Transmutation            4
   e - Blade Hands                    Transmutation                5
Comestibles
 c - 2 bread rations
 h - 3 fruits


   Skills:
 - Level 1.1 Fighting
 - Level 1.7 Dodging
 + Level 3.6 Unarmed Combat
 - Level 2.0 Spellcasting
 - Level 2.0 Transmutations


You had 4 spell levels left.
You knew the following spells:

 Your Spells              Type           Power        Failure   Level  Hunger
a - Beastly Appendage     Tmut           #.....       11%         1    ##.....


Dungeon Overview and Level Annotations

Branches:
Dungeon (1/15)

Altars:
Gozag

Annotations:
D:2 Sigmund


Innate Abilities, Weirdness & Mutations

Your plain brown scales are hard. (AC +4)
You cannot fit into any form of body armour.
You are cold-blooded and may be slowed by cold attacks.
You have claws for feet.


Message History

A kobold comes into view.
You closely miss Sigmund.
The kobold shouts!
You claw Sigmund, but do no damage.
Sigmund is moderately wounded.
The bat hits you but does no damage. Sigmund closely misses you.
You hit Sigmund. You claw Sigmund, but do no damage.
Sigmund is moderately wounded.
The bat closely misses you. The kobold hits you.
* * * LOW HITPOINT WARNING * * *
Sigmund gestures at you while chanting.
You are confused.
You closely miss Sigmund.
Sigmund is moderately wounded.
The bat hits you.
* * * LOW HITPOINT WARNING * * *
The kobold hits you but does no damage.
Sigmund points at you and mumbles some strange words.
The magic dart hits you!
You die...

#........ #.#######
#########.#######
......)....).....
#########.######.
################.######.
......?.................
#.....K..#######.#......
#..K$$@@.#######.#.####.
#...$_$b.'.......#....#.
#...$$$..##########.....
#.....(... #.....
#.........# #.....
#.........# #.....
.....##.#.# #..... ##...
#.#.# ###.#. .# #.
#######.#.


You could see Sigmund, a bat and 2 kobolds.

Vanquished Creatures
  2 bats (D:1)
  A giant cockroach (D:1)
  A hobgoblin (D:1)
  2 jackals (D:1)
  A kobold (D:2)
  3 rats
10 creatures vanquished.

Notes
Turn   | Place    | Note
-------+----------+-------------------------------------------
     0 | D:1      | MTVSty1e the Draconian Transmuter began the quest for the Orb.
     0 | D:1      | Reached XP level 1. HP: 16/16 MP: 3/3
    72 | D:1      | Reached XP level 2. HP: 22/23 MP: 5/5
   100 | D:1      | You fall through a shaft!
   259 | D:2      | Found an opulent altar of Gozag.
   259 | D:2      | Noticed Sigmund
   272 | D:2      | HP: 1/23 [bat (1)]
   272 | D:2      | Killed from afar by Sigmund

Action                   || total
-------------------------++-------
Melee: Unarmed           ||    38
       Kick              ||     7
       Tailslap          ||     4
       Punch             ||     1
 Cast: Beastly Appendage ||     6
 Stab: Sleeping          ||     1
Armor: Skin              ||    16
Dodge: Dodged            ||    29
